PR
SURPRISE SHOCKERS @ FORT KNOX CENTENNIAL
05/06/2034
 
TOP OF THE 1ST
Surprise Shockers batting - Pitching for Fort Knox Centennial : RHP Diego Cartaya
Pitching: RHP Diego Cartaya
Batting: LHB Arto Toikka 0-0: SINGLE (Line Drive, 78M)
Batting: RHB Quinn Lynch 0-0: Ball
1-0: Called Strike
1-1: Foul Ball, location: 2F
1-2: Ball
2-2: Ball
3-2: DOUBLE (Flyball, 3D)
Arto Toikka to third
Arto Toikka scores
Batting: LHB Lao Tian 0-0: Ball
1-0: Ball
2-0: Called Strike
2-1: Called Strike
2-2: Fly out, F9 (Flyball, 9LM)
Batting: RHB Esteban León 0-0: Foul Ball, location: 2F
0-1: Foul Ball, location: 2F
0-2: Foul Ball, location: 2F
0-2: Foul Ball, location: 2F
0-2: Fly out, F9 (Flyball, 9D)
Runner from 2nd tags up, SAFE at 3rd, no throw
Batting: RHB Eric Martínez 0-0: Called Strike
0-1: Swinging Strike
0-2: Ground out 4-3 (Groundball, 34)
Top of the 1st over - 1 run, 2 hits, 0 errors, 1 left on base; Surprise 1 - Fort Knox 0
BOTTOM OF THE 1ST
Fort Knox Centennial batting - Pitching for Surprise Shockers : RHP Jin-soo Jan-Hui
Pitching: RHP Jin-soo Jan-Hui
Batting: LHB Carel van Putten 0-0: SINGLE (Line Drive, 7S)
Batting: RHB Luis Rodríguez 0-0: Foul Ball, location: 2F
0-1: Ball
Carel van Putten steals 2nd base
1-1: Called Strike
1-2: Ball
2-2: SINGLE (Flyball, 89S)
Carel van Putten to third
Batting: LHB Nelson López 0-0: Called Strike
0-1: Ball
1-1: Ball
2-1: Swinging Strike
2-2: Ball
3-2: Foul Ball, location: 2F
3-2: Fielders Choice at 2nd, 3-6 (Groundball, 3)
Carel van Putten scores
Batting: LHB Ricardo Varela 0-0: Ball
1-0: Called Strike
1-1: Ball
2-1: Ground out 4-3 (Groundball, 34)
Nelson López to second
Batting: LHB Tomislav Jovovich 0-0: Ball
1-0: Called Strike
1-1: Ball
2-1: Ball
3-1: Foul Ball, location: 2F
3-2: Strikes out swinging
Bottom of the 1st over - 1 run, 2 hits, 0 errors, 1 left on base; Surprise 1 - Fort Knox 1
TOP OF THE 2ND
Surprise Shockers batting - Pitching for Fort Knox Centennial : RHP Diego Cartaya
Batting: RHB Benjamin Blunsdon 0-0: Called Strike
0-1: Foul Ball, location: 2F
0-2: Ball
1-2: Ball
2-2: Ball
3-2: Base on Balls
Batting: RHB George Mota 0-0: Ball
1-0: SINGLE (Groundball, 56D)
Benjamin Blunsdon to second
Batting: RHB Paul Prichard 0-0: Ball
1-0: SINGLE (Groundball, 2L) (infield hit)
Benjamin Blunsdon to third
George Mota to second
Batting: SHB Will Hamilton 0-0: SINGLE (Flyball, 9LS)
Benjamin Blunsdon scores
George Mota to third
Paul Prichard to second
Batting: LHB Arto Toikka 0-0: Called Strike
0-1: Called Strike
0-2: Foul Ball, location: 2F
0-2: Foul Ball, location: 2F
0-2: Ball
1-2: Foul Ball, location: 2F
1-2: Ball
2-2: SINGLE (Flyball, 8RS)
George Mota scores
Paul Prichard to third
Will Hamilton to second
Batting: RHB Quinn Lynch 0-0: Called Strike
0-1: Called Strike
0-2: Strikes out looking
Batting: LHB Lao Tian 0-0: Ball
1-0: Ball
2-0: Ball
3-0: Called Strike
3-1: Foul Ball, location: 2F
3-2: Foul Ball, location: 2F
3-2: Base on Balls
Paul Prichard scores
Will Hamilton to third
Arto Toikka to second
Batting: RHB Esteban León 0-0: Ball
1-0: Ball
2-0: Called Strike
2-1: Ball
3-1: Base on Balls
Will Hamilton scores
Arto Toikka to third
Lao Tian to second
Batting: RHB Eric Martínez 0-0: Foul Ball, location: 2F
0-1: SINGLE (Groundball, 4) (infield hit)
Arto Toikka scores
Lao Tian to third
Esteban León to second
Pitching: RHP Jacob Swanson
Batting: RHB Benjamin Blunsdon 0-0: Swinging Strike
0-1: Ball
1-1: Ball
2-1: Fly out, F7 (Line Drive, 78M)
Runner from 3rd tags up, SCORES, throw made
Batting: RHB George Mota 0-0: Foul Ball, location: 2F
0-1: Ball
1-1: Ball
2-1: SINGLE (Groundball, 6MD)
Esteban León to third
Eric Martínez to second
Runner from 3rd tries for Home, SAFE, no throw
Batting: RHB Paul Prichard 0-0: Foul Ball, location: 2F
0-1: Ball
1-1: Swinging Strike
1-2: Foul Ball, location: 2F
1-2: Ball
2-2: Ball
3-2: Strikes out looking
Top of the 2nd over - 7 runs, 6 hits, 0 errors, 2 left on base; Surprise 8 - Fort Knox 1
BOTTOM OF THE 2ND
Fort Knox Centennial batting - Pitching for Surprise Shockers : RHP Jin-soo Jan-Hui
Batting: RHB Roland Reece 0-0: Called Strike
0-1: Ball
1-1: Ball
2-1: Called Strike
2-2: Strikes out swinging
Batting: RHB Asbel Kiprop 0-0: TRIPLE (Flyball, 89XD)
Batting: LHB Arhippa Salmivirta 0-0: Ball
1-0: Ground out 4-3 (Groundball, 4)
Asbel Kiprop scores
Batting: RHB Adam Smith 0-0: Called Strike
0-1: Foul Ball, location: 2F
0-2: Ball
1-2: Foul Ball, location: 2F
1-2: Foul Ball, location: 2F
1-2: Foul Ball, location: 2F
1-2: Foul Ball, location: 2F
1-2: Fly out, F7 (Flyball, 7LM)
Bottom of the 2nd over - 1 run, 1 hit, 0 errors, 0 left on base; Surprise 8 - Fort Knox 2
TOP OF THE 3RD
Surprise Shockers batting - Pitching for Fort Knox Centennial : RHP Jacob Swanson
Batting: SHB Will Hamilton 0-0: Ball
1-0: Foul Ball, location: 2F
1-1: Foul Ball, location: 2F
1-2: Strikes out looking
Batting: LHB Arto Toikka 0-0: Ball
1-0: Called Strike
1-1: Ball
2-1: Swinging Strike
2-2: SINGLE (Line Drive, 8LS)
Batting: RHB Quinn Lynch 0-0: Ball
1-0: Ground out 5-3 (Groundball, 56S)
Arto Toikka to second
Batting: LHB Lao Tian 0-0: Ball
1-0: Foul Ball, location: 2F
1-1: Ball
2-1: Ball
3-1: Foul Ball, location: 2F
3-2: Foul Ball, location: 2F
3-2: Strikes out looking
Top of the 3rd over - 0 runs, 1 hit, 0 errors, 1 left on base; Surprise 8 - Fort Knox 2
BOTTOM OF THE 3RD
Fort Knox Centennial batting - Pitching for Surprise Shockers : RHP Jin-soo Jan-Hui
Batting: LHB Carel van Putten 0-0: Ball
1-0: Foul Ball, location: 2F
1-1: Foul Ball, location: 2F
1-2: Strikes out looking
Batting: RHB Luis Rodríguez 0-0: Ball
1-0: Called Strike
1-1: Ground out 6-3 (Groundball, 6M)
Batting: LHB Nelson López 0-0: Ball
1-0: Called Strike
1-1: Fly out, F7 (Line Drive, 7)
Bottom of the 3rd over - 0 runs, 0 hits, 0 errors, 0 left on base; Surprise 8 - Fort Knox 2
TOP OF THE 4TH
Surprise Shockers batting - Pitching for Fort Knox Centennial : RHP Jacob Swanson
Batting: RHB Esteban León 0-0: Foul Ball, location: 2F
0-1: Foul Ball, location: 2F
0-2: Foul Ball, location: 2F
0-2: Ball
1-2: Foul Ball, location: 2F
1-2: Ball
2-2: Foul Ball, location: 2F
2-2: Ball
3-2: Ground out 6-3 (Groundball, 6)
Batting: RHB Eric Martínez 0-0: Ball
1-0: Ball
2-0: Called Strike
2-1: Foul Ball, location: 2F
2-2: SINGLE (Flyball, 89S)
Batting: RHB Benjamin Blunsdon 0-0: Ball
1-0: Called Strike
1-1: Called Strike
1-2: Ball
2-2: Strikes out swinging
Batting: RHB George Mota 0-0: Foul Ball, location: 2F
0-1: Foul Ball, location: 2F
0-2: Ball
1-2: Ball
2-2: Ball
3-2: Foul Ball, location: 2F
3-2: Strikes out looking
Top of the 4th over - 0 runs, 1 hit, 0 errors, 1 left on base; Surprise 8 - Fort Knox 2
BOTTOM OF THE 4TH
Fort Knox Centennial batting - Pitching for Surprise Shockers : RHP Jin-soo Jan-Hui
Batting: LHB Ricardo Varela 0-0: Called Strike
0-1: Swinging Strike
0-2: Foul Ball, location: 2F
0-2: Ball
1-2: Ball
2-2: Ball
3-2: Strikes out swinging
Batting: LHB Tomislav Jovovich 0-0: Ball
1-0: Called Strike
1-1: Ball
2-1: Called Strike
2-2: Ball
3-2: Foul Ball, location: 2F
3-2: Foul Ball, location: 2F
3-2: Fly out, F8 (Flyball, 89D)
Batting: RHB Roland Reece 0-0: Called Strike
0-1: Called Strike
0-2: Ball
1-2: Ball
2-2: Ball
3-2: Ground out 5-3 (Groundball, 5S)
Bottom of the 4th over - 0 runs, 0 hits, 0 errors, 0 left on base; Surprise 8 - Fort Knox 2
TOP OF THE 5TH
Surprise Shockers batting - Pitching for Fort Knox Centennial : RHP Jacob Swanson
Batting: RHB Paul Prichard 0-0: Called Strike
0-1: Ball
1-1: Foul Ball, location: 2F
1-2: Ball
2-2: Ball
3-2: Foul Ball, location: 2F
3-2: Base on Balls
Pitching: RHP Jelexiz Verano
Batting: SHB Will Hamilton 0-0: Swinging Strike
0-1: Ball
1-1: Ball
2-1: Grounds into double play, 4-6-3 (Groundball, 4)
Batting: LHB Arto Toikka 0-0: Ball
1-0: Foul Ball, location: 2F
1-1: Called Strike
1-2: Ground out 6-3 (Groundball, 6S)
Top of the 5th over - 0 runs, 0 hits, 0 errors, 0 left on base; Surprise 8 - Fort Knox 2
BOTTOM OF THE 5TH
Fort Knox Centennial batting - Pitching for Surprise Shockers : RHP Jin-soo Jan-Hui
Batting: RHB Asbel Kiprop 0-0: Ball
1-0: SINGLE (Groundball, 34) (infield hit)
Batting: LHB Arhippa Salmivirta 0-0: Ball
1-0: Called Strike
1-1: Ball
2-1: Ball
3-1: Fly out, F6 (Flyball, 6D)
Batting: RHB Adam Smith 0-0: Called Strike
0-1: Ball
1-1: Grounds into double play, 6-4-3 (Groundball, 6)
Bottom of the 5th over - 0 runs, 1 hit, 0 errors, 0 left on base; Surprise 8 - Fort Knox 2
TOP OF THE 6TH
Surprise Shockers batting - Pitching for Fort Knox Centennial : RHP Jelexiz Verano
Batting: RHB Quinn Lynch 0-0: Ground out 5-3 (Groundball, 2L)
Pitching: RHP Arturo Mesa
Batting: LHB Lao Tian 0-0: Ball
1-0: Foul Ball, location: 2F
1-1: Ball
2-1: Foul Ball, location: 2F
2-2: Strikes out looking
Batting: RHB Esteban León 0-0: Ball
1-0: Foul Ball, location: 2F
1-1: Called Strike
1-2: Ball
2-2: Ball
3-2: Base on Balls
Batting: RHB Eric Martínez 0-0: Called Strike
0-1: Ball
1-1: Called Strike
1-2: Strikes out swinging
Top of the 6th over - 0 runs, 0 hits, 0 errors, 1 left on base; Surprise 8 - Fort Knox 2
BOTTOM OF THE 6TH
Fort Knox Centennial batting - Pitching for Surprise Shockers : RHP Jin-soo Jan-Hui
Batting: LHB Carel van Putten 0-0: Ball
1-0: Ground out 1-3 (Groundball, 15S)
Batting: RHB Luis Rodríguez 0-0: Ball
1-0: Foul Ball, location: 2F
1-1: Ball
2-1: Ground out 5-3 (Groundball, 56)
Batting: LHB Nelson López 0-0: Foul Ball, location: 2F
0-1: Swinging Strike
0-2: Ball
1-2: Ball
2-2: Ball
3-2: DOUBLE (Line Drive, 89M)
Batting: LHB Ricardo Varela 0-0: Swinging Strike
0-1: Fly out, F7 (Flyball, 7LSF)
Bottom of the 6th over - 0 runs, 1 hit, 0 errors, 1 left on base; Surprise 8 - Fort Knox 2
TOP OF THE 7TH
Surprise Shockers batting - Pitching for Fort Knox Centennial : RHP Arturo Mesa
Batting: RHB Benjamin Blunsdon 0-0: Swinging Strike
0-1: Fly out, F8 (Flyball, 8RM)
Batting: RHB George Mota 0-0: Fly out, F7 (Flyball, 7LM)
Batting: RHB Paul Prichard 0-0: Ball
1-0: Called Strike
1-1: Ball
2-1: Ball
3-1: Foul Ball, location: 2F
3-2: Fly out, F4 (Popup, 34D)
Top of the 7th over - 0 runs, 0 hits, 0 errors, 0 left on base; Surprise 8 - Fort Knox 2
BOTTOM OF THE 7TH
Fort Knox Centennial batting - Pitching for Surprise Shockers : RHP Jin-soo Jan-Hui
Batting: LHB Tomislav Jovovich 0-0: Swinging Strike
0-1: Ball
1-1: Ball
2-1: Fly out, F6 (Popup, 6M)
Batting: RHB Roland Reece 0-0: Called Strike
0-1: Fly out, F6 (Line Drive, 6)
Batting: RHB Asbel Kiprop 0-0: Ball
1-0: Foul Ball, location: 2F
1-1: Called Strike
1-2: DOUBLE (Line Drive, 78D)
Batting: LHB Arhippa Salmivirta 0-0: Ball
1-0: Foul Ball, location: 2F
1-1: SINGLE (Groundball, 6MD)
Asbel Kiprop to third
Runner from 3rd tries for Home, SAFE, no throw
Batting: RHB Adam Smith 0-0: Ball
1-0: SINGLE (Groundball, 56D)
Arhippa Salmivirta to second
Batting: LHB Carel van Putten 0-0: Called Strike
0-1: Swinging Strike
0-2: Foul Ball, location: 2F
0-2: Fly out, F6 (Line Drive, 6)
Bottom of the 7th over - 1 run, 3 hits, 0 errors, 2 left on base; Surprise 8 - Fort Knox 3
TOP OF THE 8TH
Surprise Shockers batting - Pitching for Fort Knox Centennial : RHP Arturo Mesa
Batting: SHB Will Hamilton 0-0: Ball
1-0: DOUBLE (Flyball, 8LD)
Batting: LHB Arto Toikka 0-0: Intentional Walk
Batting: RHB Quinn Lynch 0-0: Sac Bunt - play at first, batter OUT! 3-4
Will Hamilton to third
Arto Toikka to second
Batting: LHB Lao Tian 0-0: Intentional Walk
Batting: RHB Esteban León 0-0: Ball
1-0: Grounds into double play, 6-2-3 (Groundball, 6S)
Top of the 8th over - 0 runs, 1 hit, 0 errors, 2 left on base; Surprise 8 - Fort Knox 3
BOTTOM OF THE 8TH
Fort Knox Centennial batting - Pitching for Surprise Shockers : RHP Jin-soo Jan-Hui
Now in RF: José Jiménez
Batting: RHB Luis Rodríguez 0-0: Ball
1-0: SINGLE (Flyball, 89S)
Batting: LHB Nelson López 0-0: Called Strike
0-1: Foul Ball, location: 2F
0-2: Ball
Wild Pitch!
Luis Rodríguez to second
1-2: Ball
2-2: SINGLE (Line Drive, 4MD)
Luis Rodríguez to third
Pitching: RHP Paul Cunningham
Batting: LHB Ricardo Varela 0-0: Called Strike
0-1: Ball
1-1: Fly out, F8 (Flyball, 8RXD)
Runner from 3rd tags up, SCORES, no throw
Batting: LHB Tomislav Jovovich 0-0: Called Strike
0-1: Foul Ball, location: 2F
0-2: Ball
1-2: Strikes out swinging
Batting: RHB Roland Reece 0-0: Ball
1-0: Ball
2-0: Fielders Choice at 2nd, 6-4 (Groundball, 6)
Bottom of the 8th over - 1 run, 2 hits, 0 errors, 1 left on base; Surprise 8 - Fort Knox 4
TOP OF THE 9TH
Surprise Shockers batting - Pitching for Fort Knox Centennial : RHP Arturo Mesa
Batting: RHB Eric Martínez 0-0: Foul Ball, location: 2F
0-1: Called Strike
0-2: Foul Ball, location: 2F
0-2: Ball
1-2: Ball
2-2: Fly out, F7 (Line Drive, 7D)
Batting: RHB Benjamin Blunsdon 0-0: Ball
1-0: DOUBLE (Line Drive, 89D)
Batting: RHB George Mota 0-0: Intentional Walk
Batting: RHB Paul Prichard 0-0: Foul Ball, location: 2F
0-1: Ball
1-1: Called Strike
1-2: Fielders Choice at 2nd, 4-6 (Groundball, 4)
Benjamin Blunsdon to third
Batting: SHB Will Hamilton 0-0: Called Strike
0-1: Ball
1-1: Ball
2-1: Swinging Strike
2-2: Foul Ball, location: 2F
2-2: Strikes out looking
Top of the 9th over - 0 runs, 1 hit, 0 errors, 2 left on base; Surprise 8 - Fort Knox 4
BOTTOM OF THE 9TH
Fort Knox Centennial batting - Pitching for Surprise Shockers : RHP Paul Cunningham
Batting: RHB Asbel Kiprop 0-0: Ground out 1-3 (Groundball, 13)
Batting: LHB Arhippa Salmivirta 0-0: Foul Ball, location: 2F
0-1: Ground out 3-1 (Groundball, 34S)
Batting: RHB Adam Smith 0-0: Swinging Strike
0-1: Fly out, F5 (Popup, 56)
Bottom of the 9th over - 0 runs, 0 hits, 0 errors, 0 left on base; Surprise 8 - Fort Knox 4
Friday, March 29th, 2019 - OOTP Baseball 18.8 Build 76